 Dungeon Crawl Stone Soup version 0.28-a0-472-g50180c0d78 (webtiles) character file.

Game seed: 12287359775475347285

4930 Dabor the Schismatic (level 10, -11/79 HPs)
             Began as a Formicid Abyssal Knight on Sept 15, 2021.
             Was an Elder of Lugonu.
             Shot with a bolt by a tengu warrior (23 damage)
             ... on level 9 of the Dungeon.
             The game lasted 00:25:29 (9788 turns).

Dabor the Schismatic (Formicid Abyssal Knight)      Turns: 9788, Time: 00:25:29

Health: -11/79     AC: 16    Str: 19    XL:     10   Next: 81%
Magic:  9/15       EV:  9    Int: 13    God:    Lugonu [****..]
Gold:   110        SH:  9    Dex: 10    Spells: 9/9 levels left

rFire   . . .      SeeInvis +   s - +4 spear (vamp)
rCold   . . .      Faith    .   G - +1 kite shield
rNeg    . . .      Spirit   .   q - +3 scale mail
rPois   .          Reflect  .   (helmet unavailable)
rElec   .          Harm     .   (no cloak)
rCorr   .          Rampage  .   (no gloves)
Will    +....                   d - +0 pair of boots
Stlth   +.........              b - amulet of regeneration
HPRegen 1.23/turn               f - +4 ring of protection
MPRegen 0.14/turn               (no ring)

@: no status effects
A: permanent stasis, dig shafts and tunnels, antennae 3, four strong arms
a: Dig, Shaft Self, Renounce Religion, Depart the Abyss, Bend Space, Banish,
Corrupt


You were on level 9 of the Dungeon.
You worshipped Lugonu.
Lugonu was greatly pleased with you.
You visited 1 branch of the dungeon, and saw 9 of its levels.
You visited the Abyss 1 time.

You collected 476 gold pieces.
You spent 366 gold pieces at shops.

Inventory:

Hand Weapons
 s - a +4 vampiric spear (weapon)
 C - a +4 dagger
 F - a +0 glaive of freezing
Missiles
 k - 39 poisoned darts (quivered)
 p - a throwing net
 B - 3 boomerangs
 E - 7 javelins
Armour
 d - a +0 pair of boots (worn)
 l - a +0 buckler
 q - a +3 scale mail (worn)
 G - a +1 kite shield (worn)
Jewellery
 a - an amulet of reflection
 b - an amulet of regeneration (around neck)
 f - a +4 ring of protection (left hand)
 A - an amulet of faith
Wands
 t - a wand of iceblast (11)
 x - a wand of charming (7)
 y - a wand of paralysis (8)
 D - a wand of digging (4)
Scrolls
 c - 2 scrolls of amnesia
 o - 2 scrolls of magic mapping
 u - 2 scrolls of identify
Potions
 e - 2 potions of haste
 g - a potion of degeneration {unknown}
 h - 8 potions of curing
 i - 2 potions of flight {unknown}
 j - a potion of mutation
 m - a potion of might {unknown}
 n - a potion of attraction {unknown}
 r - a potion of heal wounds {unknown}
 v - a potion of lignification


   Skills:
 + Level 7.1 Fighting
 * Level 6.8 Polearms
 + Level 5.1 Throwing
 + Level 6.6 Armour
 + Level 5.1 Dodging
 + Level 3.8 Stealth
 + Level 3.5 Shields
 + Level 7.1 Invocations
 + Level 3.0 Evocations


You had 9 spell levels left.
You didn't know any spells.
Your spell library contained the following spells:

 Spells                   Type           Power      Damage    Failure   Level
 Foxfire                  Conj/Fire      0%         2x1d4     95%         1
 Magic Dart               Conj           0%         1d3       95%         1
 Summon Small Mammal      Summ           0%         N/A       95%         1
 Call Imp                 Summ           0%         N/A       99%         2
 Corpse Rot               Necr/Air       N/A        N/A       99%         2
 Poisonous Vapours        Pois/Air       0%         N/A       99%         2
 Slow                     Hex            0%         N/A       99%         2
 Call Canine Familiar     Summ           0%         N/A       100%        3
 Conjure Flame            Conj/Fire      0%         6-21      100%        3
 Inner Flame              Hex/Fire       0%         N/A       100%        3
 Mephitic Cloud           Conj/Pois/Air  0%         N/A       100%        3
 Ozocubu's Armour         Ice            0%         N/A       100%        3
 Summon Guardian Golem    Hex/Summ       0%         N/A       100%        3
 Flame Wave               Conj/Fire      0%         3d3       100%        4
 Leda's Liquefaction      Hex/Erth       0%         N/A       100%        4
 Lee's Rapid Deconstruct  Erth           0%         3d5*      100%        5
 Statue Form              Tmut/Erth      0%         N/A       100%        6
 Ozocubu's Refrigeration  Ice            0%         4d5       100%        7


Dungeon Overview and Level Annotations

Branches:
Dungeon (9/15)             Temple (0/1) D:4
   Lair: D:8-11         Orc: D:9-12

Altars:
Gozag
Kikubaaqudgha
Nemelex Xobeh
Trog
Vehumet
Xom

Shops:
D:4 [(**=[   D:5 *   D:7 [


Innate Abilities, Weirdness & Mutations

You cannot be hasted, slowed, berserked, paralysed or teleported.
You can dig through walls and to a lower floor.
You have a pair of large antennae on your head. (SInv)
Your four strong arms can wield two-handed weapons with a shield.


Message History

The tengu warrior misses you. The tengu warrior pecks you.
You block the tengu warrior's attack.
You hit the tengu warrior but do no damage.
The tengu warrior is lightly wounded.
You block the wight's attack.
Press: ? - help, Shift-Dir - straight line, f/p - tengu warrior
Aim: a tengu warrior, wielding a +0 war axe, wearing a +0 ring mail and quivering bolts (blue smoke, lightly wounded, very poisoned, chance to affect: 71%)
You fail to use your ability.
The tengu warrior closely misses you.
The tengu warrior pecks you but does no damage.
The tengu warrior claws you. The wight hits you but does no damage.
Press: ? - help, Shift-Dir - straight line, f/p - tengu warrior
Aim: a tengu warrior, wielding a +0 war axe, wearing a +0 ring mail and quivering bolts (blue smoke, moderately wounded, very poisoned, chance to affect: 71%)
The tengu warrior struggles to resist.
The tengu warrior hits you with a +0 war axe!
The tengu warrior pecks you but does no damage.
The tengu warrior claws you but does no damage.
You block the wight's attack.
Press: ? - help, Shift-Dir - straight line, f/p - tengu warrior
Aim: a tengu warrior, wielding a +0 war axe, wearing a +0 ring mail and quivering bolts (blue smoke, moderately wounded, very poisoned, chance to affect: 71%)
You fail to use your ability.
You block the tengu warrior's attack. The tengu warrior pecks you.
* * * LOW HITPOINT WARNING * * *
The tengu warrior claws you but does no damage.
The wight hits you but does no damage. Space bends sharply around you!
The tengu warrior blinks!
You blink.
The tengu warrior unwields a +0 war axe.
The tengu warrior wields a +0 arbalest.
The tengu warrior shoots a bolt.
You block the bolt.
The tengu warrior shoots a bolt.
The bolt hits you!
* * * LOW HITPOINT WARNING * * *
The tengu warrior unwields a +0 arbalest.
The tengu warrior wields a +0 war axe.
The tengu warrior hits you but does no damage.
You block the tengu warrior's attack. The tengu warrior barely misses you.
You see here a poisoned dart.
Space bends around you!
You blink.
The tengu warrior unwields a +0 war axe.
The tengu warrior wields a +0 arbalest.
The tengu warrior shoots a bolt.
The bolt hits you!!
You die...

#.# #.# #Y# #.#
#.# #######.##
.......<.#
#############.##
#{zz{.{§z§Q.†.@#
#§##############
#§ #. .z z.


#zz #.. You could see a tengu warrior (poisoned) and a wight.

Vanquished Creatures
  A skeletal warrior (D:8)
  3 wraiths (D:8)
  6 yaks
  A steam dragon (D:7)
  2 orc warriors
  A sky beast (D:6)
  4 ogres
  A necrophage (D:4)
  3 black bears
  4 centaurs
  A bullfrog (D:7)
  A kobold brigand (D:4)
  3 scorpions
  11 wights
  3 jellies
  A gnoll shaman (D:8)
  2 orc priests
  4 hounds
  4 centaur skeletons
  Jessica (D:2)
  3 iguanas
  3 orc wizards
  A scorpion zombie (D:5)
  2 killer bee zombies (D:8)
  7 adders
  5 gnolls (D:8)
  A white imp (D:4)
  An ufetubus (D:6)
  An adder skeleton (D:4)
  2 dart slugs
  A worm (D:2)
  29 orcs
  5 bats
  4 endoplasms
  4 giant cockroaches
  8 goblins
  8 hobgoblins
  6 jackals
  7 kobolds
  2 quokkas
  11 ball pythons
  6 frilled lizards
  5 rats
179 creatures vanquished.

Vanquished Creatures (others)
  2 fungi (D:3)
  3 plants (D:4)
  4 toadstools (D:3)
9 creatures vanquished.

Grand Total: 188 creatures vanquished

Notes
Turn   | Place    | Note
-------+----------+-------------------------------------------
     0 | Abyss:1  | Dabor the Formicid Abyssal Knight began the quest for the
                  | Orb.
     0 | Abyss:1  | Reached XP level 1. HP: 18/18 MP: 2/2
     0 | D:1      | Escaped the Abyss
   126 | D:1      | Reached skill level 1 in Dodging
   471 | D:1      | Reached XP level 2. HP: 24/24 MP: 3/3
   817 | D:1      | Reached * piety under Lugonu
   974 | D:1      | Reached XP level 3. HP: 24/29 MP: 4/4
  2056 | D:2      | Noticed Jessica
  2068 | D:2      | Killed Jessica
  2069 | D:2      | Reached XP level 4. HP: 19/37 MP: 6/6
  2081 | D:2      | Got Jessica's Catalogue of Malediction
  2735 | D:3      | Reached XP level 5. HP: 42/42 MP: 7/7
  2800 | D:3      | Reached ** piety under Lugonu
  3692 | D:4      | Reached skill level 1 in Throwing
  3692 | D:4      | Reached XP level 6. HP: 21/48 MP: 8/8
  4003 | D:4      | Found a bloodstained altar of Trog.
  4021 | D:4      | Found a radiant altar of Vehumet.
  4051 | D:4      | Found a shimmering altar of Xom.
  4200 | D:4      | Found a sparkling altar of Nemelex Xobeh.
  4317 | D:4      | Found Anostruji's Jewellery Emporium.
  4318 | D:4      | Found Seoru's Assorted Antiques.
  4319 | D:4      | Found Ebrarull's Antique Armour Shop.
  4319 | D:4      | Found Letoisau's Assorted Antiques.
  4320 | D:4      | Found Biec's Antique Weapon Shop.
  4320 | D:4      | Found Tehuy's Armour Emporium.
  4369 | D:4      | Reached XP level 7. HP: 44/55 MP: 9/9
  4456 | D:4      | Reached *** piety under Lugonu
  4520 | D:4      | Found a staircase to the Ecumenical Temple.
  4906 | D:5      | Entered Level 5 of the Dungeon
  5703 | D:5      | Reached skill level 5 in Fighting
  5703 | D:5      | Reached XP level 8. HP: 38/62 MP: 11/11
  5935 | D:5      | Found an ancient bone altar of Kikubaaqudgha.
  6304 | D:4      | Bought an amulet of regeneration for 300 gold pieces
  6382 | D:5      | Reached skill level 5 in Invocations
  6697 | D:5      | Found Ofeonkuy's Serpentskin Sales.
  6961 | D:6      | Reached skill level 5 in Armour
  7339 | D:6      | Reached XP level 9. HP: 69/69 MP: 13/13
  7470 | D:6      | Reached skill level 5 in Polearms
  7533 | D:6      | Found an opulent altar of Gozag.
  8018 | D:4      | Bought a scroll labelled GYFUZE ZESE for 18 gold pieces
  8018 | D:4      | Bought a scroll labelled KOKUOP REIRU for 18 gold pieces
  8076 | D:4      | Bought a scroll labelled ONAC RIRRIRGHUQ for 30 gold pieces
  8165 | D:7      | Found Paidghoc's Antique Armour Shoppe.
  8287 | D:7      | Reached **** piety under Lugonu
  8288 | D:7      | Reached skill level 1 in Stealth
  8355 | D:7      | Reached skill level 1 in Shields
  8389 | D:6      | Reached skill level 1 in Evocations
  8957 | D:8      | Reached XP level 10. HP: 69/76 MP: 14/14
  9451 | D:8      | Found the +5 scythe "Finisher" {speed, eviscerate}
  9453 | D:8      | Noticed a skeletal warrior
  9461 | D:8      | Killed a skeletal warrior
  9462 | D:8      | Reached skill level 5 in Throwing
  9462 | D:8      | Reached skill level 5 in Dodging
  9702 | D:9      | Noticed a tengu warrior
  9788 | D:9      | Shot with a bolt by a tengu warrior

Illustrated notes

Levels and vault maps discovered:
D:1:      lemuel_arrival_hallway, layout_loops_ring
D:2:      layout_loops_ring, kennysheep_jessica_study
D:3:      layout_loops_ring, minmay_gold_behind_fungi
D:4:      layout_loops_cross, nemelex_spade_bored_becter,
          trog_three_pillars_becter, mainiacjoe_overflow_catch_the_wave,
          minmay_temple_entry_overgrown, nicolae_wooded_promenade
D:5:      layout_loops_ring, kiku_gazebo_pond_becter, guppyfry_shop_venom
D:6:      layout_basic, nicolae_gozag_seed_capital, minmay_puff
D:7:      layout_cave_pools, serial_shops, nicolae_shop_waterfront,
          minmay_misc_feat_four_crosses
D:8:      layout_basic, grunt_decor_fettered, minmay_guarded_unrand_finisher
D:9:      layout_basic, lair_entry_dummy

Skill      XL: |  1  2  3  4  5  6  7  8  9 10 |
---------------+-------------------------------+-----
Dodging        | 1 2 3 4 5 |  5.1
Invocations    | 3 4 5 6 7 |  7.1
Armour         | 3 4 5 6 |  6.6
Fighting       | 4 5 6 7 |  7.1
Polearms       | 3 4 5 6 |  6.8
Throwing       | 1 2 3 4 5 |  5.1
Stealth        | 2 3 |  3.8
Shields        | 2 3 |  3.5
Evocations     | 1 3 |  3.0

Action                   |  1- 3 |  4- 6 |  7- 9 | 10-12 || total
-------------------------+-------+-------+-------+-------++-------
Melee: Spear             |   136 |   250 |   559 |   179 ||  1124
Throw: Dart              |       |    20 |    24 |    28 ||    72
       Javelin           |       |       |       |     8 ||     8
Invok: Depart the Abyss  |     1 |       |       |       ||     1
       Bend Space        |       |     2 |     9 |     2 ||    13
       Banish            |       |       |       |     1 ||     1
 Abil: Dig               |       |     2 |       |       ||     2
Evoke: Wand              |       |       |       |     8 ||     8
  Use: Scroll            |       |     4 |     6 |     3 ||    13
       Potion            |       |     1 |     2 |       ||     3
Armor: Leather armour    |    32 |    18 |       |       ||    50
       Scale mail        |       |    41 |   258 |    64 ||   363
       Skin              |       |    24 |    21 |       ||    45
Dodge: Dodged            |    67 |    96 |   239 |    44 ||   446
Block: Buckler           |       |    15 |    74 |    10 ||    99
       Kite shield       |       |       |       |    28 ||    28

Table legend: (Time is in decaauts)
 A = Elapsed time spent in this place.
 B = Non-inter-level travel time spent in this place.
 C = Inter-level travel time spent in this place.
 D = Time resting spent in this place.
 E = Time spent auto-exploring this place.
 F = Levels seen in this place.
 G = Mean time per level.
                   A        B        C        D        E       F      G
               +--------+--------+--------+--------+--------+-----+--------+
         Total |   9726 |   9144 |    582 |   1994 |   4666 |  10 |  972.6 |
       Dungeon |   9726 |   9144 |    582 |   1994 |   4666 |   9 | 1080.7 |
         Abyss |      0 |      0 |      0 |      0 |      0 |   1 |    0.0 |
               +--------+--------+--------+--------+--------+-----+--------+

Top non-repeatable levels by time:
     D:4: 1777 daAuts
     D:5: 1563 daAuts
     D:1: 1377 daAuts
     D:2: 1299 daAuts
     D:6: 1277 daAuts
     D:3: 954 daAuts
     D:8: 788 daAuts
     D:7: 605 daAuts
     D:9: 82 daAuts
